 Dungeon Crawl Stone Soup version 0.22.1-1-ga44c0e5 (webtiles) character file.

615 topirishpotato the Magician (level 7, -2/36 HPs)
             Began as a Deep Elf Fire Elementalist on Oct 2, 2018.
             Was a Follower of Vehumet.
             Slain by a jackal (3 damage)
             ... on level 5 of the Dungeon.
             The game lasted 00:14:33 (4926 turns).

topirishpotato the Magician (DEFE)                  Turns: 4926, Time: 00:14:33

Health: -2/36      AC:  3    Str:  5    XL:     7   Next: 21%
Magic:  2/19       EV: 13    Int: 32    God:    Vehumet [*.....]
Gold:   168        SH:  0    Dex: 15    Spells: 15/20 levels left

rFire    . . .     SeeInvis .   l - +1 dagger (venom)
rCold    . . .     Gourm    .   (no shield)
rNeg     . . .     Faith    .   a - +1 robe
rPois    .         Spirit   .   (no helmet)
rElec    .         Reflect  .   (no cloak)
rCorr    .         Harm     .   (no gloves)
MR       .....                  (no boots)
Stlth    ++........             q - amulet of the acrobat
HPRegen  0.12/turn              f - +5 ring of intelligence
MPRegen  0.16/turn              (no ring)

@: brilliant, lethally poisoned (-2 -> -3), very slightly contaminated
A: no striking features
a: Renounce Religion


You were on level 5 of the Dungeon.
You worshipped Vehumet.
Vehumet was aware of your devotion.
You were not hungry.

You visited 1 branch of the dungeon, and saw 5 of its levels.

You collected 168 gold pieces.

Inventory:

Hand Weapons
 l - a +1 dagger of venom (weapon)
Armour
 a - a +1 robe (worn)
Jewellery
 f - a +5 ring of intelligence (left hand)
 q - an amulet of the acrobat (around neck)
Scrolls
 i - 2 scrolls of remove curse
 o - a scroll of identify
Potions
 e - 2 potions of flight
 j - a potion of resistance
 p - a potion of haste
Comestibles
 c - 7 rations


   Skills:
 - Level 2.4 Dodging
 - Level 2.4 Stealth
 + Level 7.0 Spellcasting
 + Level 4.4 Conjurations
 + Level 5.9 Fire Magic


You had 15 spell levels left.
You knew the following spells:

 Your Spells              Type           Power        Failure   Level  Hunger
x - Sticky Flame          Conj/Fire      ######..     1%          4    ##.....
z - Flame Tongue          Conj/Fire      #####        1%          1    None

Your spell library contained the following spells:

 Spells                   Type           Power        Failure   Level  Hunger
 Freeze                   Ice            ####         1%          1    None
 Animate Skeleton         Necr           N/A          1%          1    None
 Pain                     Necr           ####         1%          1    None
 Throw Flame              Conj/Fire      ######       1%          2    None
 Conjure Flame            Conj/Fire      ######..     1%          3    None
 Inner Flame              Hex/Fire       #####...     1%          3    None
 Regeneration             Chrm/Necr      ####......   1%          3    None
 Vampiric Draining        Necr           ####......   1%          3    None
 Fireball                 Conj/Fire      ######....   1%          5    ####...
 Animate Dead             Necr           N/A          4%          4    ##.....


Dungeon Overview and Level Annotations

Branches:
Dungeon (5/15)
 Temple: D:4-7

Altars:
Hepliaklqana
Nemelex Xobeh
Vehumet


Message History

The jackal bites you but does no damage.
Casting: Flame Tongue (safe; 1% risk of failure)
Confirm with . or Enter, or press ? or * to list all spells.
Aiming: Flame Tongue (safe; 1% risk of failure)
Press: ? - help, Shift-Dir - straight line, f/p - phantom
Aim: a phantom (heavily damaged)
The flame tongue misses the phantom.
The flame tongue hits the bullfrog zombie.
The bullfrog zombie is heavily damaged.
The jackal barely misses you.
Casting: Flame Tongue (safe; 1% risk of failure)
Confirm with . or Enter, or press ? or * to list all spells.
Aiming: Flame Tongue (safe; 1% risk of failure)
Press: ? - help, Shift-Dir - straight line, f/p - phantom
Aim: a phantom (grey smoke, heavily damaged)
The flame tongue misses the phantom.
The flame tongue hits the bullfrog zombie.
The bullfrog zombie is severely damaged.
The jackal bites you.
You die...

*,,,*** *,*** *#.#**##*.*
**,** *,* #.# #...,, *,* *,*
#.# #.#.,, *,* *,* #.# #..*,,
*,* *,* #.# #.#.*. *,* *,*
#.###.##.# *,* *,*
#######......... *,*
#§####O§.5.......#### *,*
#§ZW@hh#########..... *,*
######## #.####
*,**********************#.#
*,,,,,,,,,,,,,,,,,,,,,,*#.####
**********************,,......
***######


You could see a phantom, an ogre, a bullfrog zombie and 2 jackals.

Vanquished Creatures
  A howler monkey (D:5)
  An orc priest (D:3)
  3 hounds
  An orc wizard (D:3)
  3 worker ants
  Natasha (thrice) (D:4)
  An iguana (D:4)
  A howler monkey zombie (D:3)
  7 gnolls
  A howler monkey skeleton (D:5)
  3 adders
  A shadow imp (D:4)
  An ooze (D:3)
  2 worms
  2 dart slugs (D:1)
  10 leopard geckos
  15 orcs
  7 bats
  8 giant cockroaches
  3 goblins
  9 hobgoblins
  5 jackals (D:3)
  4 kobolds
  5 quokkas
  2 ball pythons
  5 frilled lizards
  A leopard gecko skeleton (D:5)
  6 rats
111 creatures vanquished.

Notes
Turn   | Place    | Note
-------+----------+-------------------------------------------
     0 | D:1      | topirishpotato the Deep Elf Fire Elementalist began the
                  | quest for the Orb.
     0 | D:1      | Reached XP level 1. HP: 10/10 MP: 6/6
   182 | D:1      | Reached XP level 2. HP: 15/15 MP: 6/8
   715 | D:1      | Reached XP level 3. HP: 19/19 MP: 7/10
  1157 | D:2      | Reached skill level 4 in Spellcasting
  1991 | D:3      | Reached XP level 4. HP: 24/24 MP: 6/12
  2429 | D:3      | Reached skill level 5 in Spellcasting
  2429 | D:3      | Reached XP level 5. HP: 23/28 MP: 8/14
  2570 | D:3      | Found a hazy altar of Hepliaklqana.
  2853 | D:3      | Reached skill level 5 in Fire Magic
  2890 | D:3      | Found a radiant altar of Vehumet.
  2958 | D:3      | Became a worshipper of Vehumet
  3028 | D:3      | Reached XP level 6. HP: 2/32 MP: 1/16
  3424 | D:4      | Noticed Natasha
  3432 | D:4      | Learned a level 4 spell: Sticky Flame
  3441 | D:4      | Killed Natasha
  3531 | D:4      | Reached skill level 6 in Spellcasting
  3660 | D:4      | Noticed Natasha
  3664 | D:4      | Killed Natasha
  3931 | D:4      | Noticed Natasha
  3936 | D:4      | Killed Natasha
  4113 | D:4      | Found a sparkling altar of Nemelex Xobeh.
  4403 | D:5      | Entered Level 5 of the Dungeon
  4881 | D:5      | Reached * piety under Vehumet
  4881 | D:5      | Offered knowledge of Freeze by Vehumet.
  4881 | D:5      | Reached XP level 7. HP: 36/36 MP: 11/19
  4907 | D:5      | Reached skill level 7 in Spellcasting
  4921 | D:5      | HP: 1/36 [phantom (1)]
  4926 | D:5      | Slain by a jackal

Skill      XL: |  1  2  3  4  5  6  7 |
---------------+----------------------+-----
Fire Magic     | 4 5 |  5.9
Spellcasting   | 4 5 6 7 |  7.0
Conjurations   | 2 3 4 |  4.4
Dodging        | |  2.4
Stealth        | |  2.4

Action                   |  1- 3 |  4- 6 |  7- 9 || total
-------------------------+-------+-------+-------++-------
Melee: Unarmed           |     3 |     3 |       ||     6
       Dagger            |       |    40 |    17 ||    57
 Cast: Flame Tongue      |    59 |   134 |    11 ||   204
       Sticky Flame      |       |     4 |     4 ||     8
  Use: Scroll            |     4 |     3 |     6 ||    13
       Potion            |       |     2 |     3 ||     5
 Stab: Sleeping          |       |     2 |       ||     2
  Eat: Ration            |     1 |       |     1 ||     2
       Chunk             |       |     7 |       ||     7
Armor: Robe              |     9 |     8 |    10 ||    27
Dodge: Dodged            |    29 |    44 |    36 ||   109
